 Dungeon Crawl Stone Soup version 0.22.1-1-ga44c0e56f4 (webtiles) character file.

2344 Grim the Geomancer (level 9, -4/67 HPs)
             Began as a Pale Draconian Earth Elementalist on Sept 25, 2018.
             Was a Follower of Sif Muna.
             Slain by an orc warrior
             ... wielding a +0 glaive
              (11 damage)
             ... in a bailey on Sept 26, 2018.
             The game lasted 00:35:43 (10097 turns).

Grim the Geomancer (DrEE)                          Turns: 10097, Time: 00:35:45

Health: -4/67      AC:  8    Str: 13    XL:     9   Next: 20%
Magic:  12/12      EV: 12    Int: 17    God:    Sif Muna [*.....]
Gold:   419        SH:  0    Dex: 11    Spells: 6/12 levels left

rFire    + . .     SeeInvis .     - Unarmed
rCold    . . .     Gourm    .   (no shield)
rNeg     . . .     Faith    .   (armour unavailable)
rPois    .         Spirit   .   (helmet restricted)
rElec    .         Reflect  .   r - +0 cloak
rCorr    .         Harm     .   (no gloves)
MR       .....                  (no boots)
Stlth    +.........             (no amulet)
HPRegen  0.21/turn              (no ring)
MPRegen  0.13/turn              (no ring)

@: short of breath, berserk cooldown, slowed, divine energy, very slow
A: breathe steam, unfitting armour, dopey 1, fire resistance 1, strong 1,
cold-blooded, AC +7
a: Breathe Steam, Stop Divine Energy, Renounce Religion


You were in a bailey.
You worshipped Sif Muna.
Sif Muna was aware of your devotion.
You were hungry.

You visited 2 branches of the dungeon, and saw 9 of its levels.
You also visited: Bailey.

You collected 419 gold pieces.

Inventory:

Hand Weapons
 q - a +4 quarterstaff of chaos
Missiles
 b - 121 stones (quivered)
 u - a throwing net
Armour
 r - a +0 cloak (worn)
Wands
 m - a wand of digging (10)
Scrolls
 g - 3 scrolls of random uselessness {unknown}
 h - 4 scrolls of teleportation {unknown}
 j - 2 scrolls of magic mapping {unknown}
 k - 2 scrolls of amnesia {unknown}
 l - 2 scrolls of fog {unknown}
 n - a scroll of enchant armour {unknown}
 s - a scroll of noise {unknown}
 t - 6 scrolls of remove curse {unknown}
 v - 2 scrolls of enchant weapon {unknown}
Potions
 a - 2 potions of magic
 f - a potion of brilliance
 i - 2 potions of curing
 o - a potion of haste
 w - a potion of might
Comestibles
 c - a ration
 p - 4 chunks of flesh


   Skills:
 + Level 2.3 Fighting
 + Level 2.7 Dodging
 - Level 1.7 Stealth
 - Level 4.0 Unarmed Combat
 - Level 2.0 Spellcasting
 - Level 4.2 Conjurations
 - Level 5.6 Transmutations
 * Level 8.9 Earth Magic


You had 6 spell levels left.
You knew the following spells:

 Your Spells              Type           Power        Failure   Level  Hunger
a - Sandblast             Erth           ####..       1%          1    #......
b - Passwall              Tmut/Erth      ####....     1%          2    ###....
c - Stone Arrow           Conj/Erth      ###...       3%          3    ###....

Your spell library contained the following spells:

 Spells                   Type           Power        Failure   Level  Hunger
 Petrify                  Tmut/Erth      ####....     10%         4    #####..
 Lee's Rapid Deconstruct  Erth           ####......   14%         5    ######.
 Corona                   Hex            #......      19%         1    #......
 Summon Small Mammal      Summ           #...         19%         1    #......
 Dazzling Spray           Conj/Hex       #.....       24%         3    ###....
 Call Imp                 Summ           #.......     28%         2    ###....
 Ensorcelled Hibernation  Hex/Ice        #.....       28%         2    ###....
 Call Canine Familiar     Summ           #.......     50%         3    ###....
 Confuse                  Hex            #.......     50%         3    ###....
 Summon Guardian Golem    Hex/Summ       #.......     50%         3    ###....
 Tukima's Dance           Hex            #.......     50%         3    ###....
 Summon Ice Beast         Ice/Summ       #.......     88%         4    #####..
 Summon Lightning Spire   Summ/Air       #.......     88%         4    #####..


Dungeon Overview and Level Annotations

Branches:
Dungeon (8/15)             Temple (1/1) D:5
   Lair: D:8-11

Altars:
Cheibriados
Elyvilon
Fedhas
Gozag
Hepliaklqana
Kikubaaqudgha
Makhleb
Nemelex Xobeh
Okawaru
Qazlal
Ru
Sif Muna
Vehumet
Wu Jian
Xom
Yredelemnul
Zin

Annotations:
D:7 Joseph


Innate Abilities, Weirdness & Mutations

You can breathe blasts of scalding, opaque steam.
Your pale cyan-grey scales are hard. (AC +7)
You cannot fit into any form of body armour.
You are cold-blooded and may be slowed by cold attacks.
You are dopey. (Int -2)
Your flesh is heat resistant. (rF+)
Your muscles are strong. (Str +2)


Message History

Sif Muna accepts your kill.
You hear a splash. x3
Things that are here:
an uncursed arbalest; 28 bolts; a ring mail Your unstable footing causes you to fumble your attack.
You are no longer berserk.
You pass out from exhaustion.
You feel yourself slow down. The orc warrior hits you with a glaive!
The orc warrior hits you with a glaive.
You can move again.
Press: ? - help, Shift-Dir - straight line, f - orc warrior
Aim: an orc warrior, wielding a glaive and wearing a chain mail You exhale a blast of scalding steam.
The ball of steam hits the orc warrior.
The orc warrior is lightly wounded.
You feel somewhat more hungry.
The orc warrior hits you with a glaive!!
* * * LOW HITPOINT WARNING * * *
The orc warrior is engulfed in a cloud of scalding steam.
The orc warrior hits you with a glaive!
You die...

.......................
.................(......
.................(......
.............)..((.(....
............)..((..(....
≈≈≈≈≈≈≈≈≈≈)≈≈≈≈≈≈≈≈≈≈≈≈≈
≈≈≈≈≈≈≈≈≈≈≈≈≈≈≈≈≈≈≈#.#≈≈
#≈≈≈≈≈≈≈)≈≈≈≈≈≈≈≈≈##.##≈
.≈≈≈≈≈≈@≈≈≈≈≈≈≈≈≈≈..^..≈
#≈≈≈≈≈o≈≈≈≈≈≈≈≈≈≈≈#∩.##≈
≈≈≈≈≈§#######≈≈≈≈≈≈#)#≈≈
≈≈≈≈≈≈ ##≈≈≈≈≈≈≈≈≈≈
≈≈≈≈≈ #≈≈≈≈≈≈≈≈≈ ≈≈≈≈≈
#≈≈≈≈≈≈≈≈ ≈≈## ≈≈≈≈≈≈≈
≈≈ ≈≈≈≈≈≈≈ ≈≈≈≈≈≈≈


You could see an orc warrior.

Vanquished Creatures
  A hungry ghost (D:7)
  Edmund (D:4)
  The ghost of Valentain the Stinger, an amateur OpVM (D:3)
  6 orc warriors (Bailey)
  A phantom (D:4)
  A centaur (D:7)
  A big kobold (D:3)
  A bullfrog (D:7)
  A water moccasin skeleton (D:6)
  5 scorpions
  3 wights (D:7)
  A howler monkey (D:4)
  2 jellies
  A crimson imp (D:6)
  A quasit (D:7)
  An orc priest (D:6)
  A bullfrog skeleton (D:6)
  4 orc wizards
  Crazy Yiuf (D:2)
  Jessica (D:2)
  A worker ant (D:6)
  Robin (D:3)
  9 adders
  A shadow imp (D:6)
  3 oozes
  An adder skeleton (D:4)
  5 worms
  3 dart slugs
  4 leopard geckos
  34 orcs
  5 bats
  3 giant cockroaches
  18 goblins
  11 hobgoblins
  12 jackals
  10 kobolds
  A quokka (D:5)
  A frilled lizard (D:2)
  5 rats
163 creatures vanquished.

Notes
Turn   | Place    | Note
-------+----------+-------------------------------------------
     0 | D:1      | Grim the Draconian Earth Elementalist began the quest for
                  | the Orb.
     0 | D:1      | Reached XP level 1. HP: 14/14 MP: 3/3
     2 | D:1      | Noticed a vine stalker
     2 | D:1      | Noticed an ogre
     4 | D:1      | Noticed a centaur
     6 | D:1      | Noticed a tengu
     6 | D:1      | Noticed a felid
     8 | D:1      | Noticed a demigod
    13 | D:1      | Noticed a dwarf
    13 | D:1      | Noticed a minotaur
    15 | D:1      | Noticed a naga
    15 | D:1      | Noticed a merfolk
    17 | D:1      | Noticed a gargoyle
    17 | D:1      | Noticed a halfling
    20 | D:1      | Noticed a demonspawn
    20 | D:1      | Noticed an octopode
    22 | D:1      | Noticed an elf
    22 | D:1      | Noticed a draconian
    24 | D:1      | Noticed a ghoul
    24 | D:1      | Noticed a spriggan
    26 | D:1      | Noticed a human
    26 | D:1      | Noticed a vampire
    28 | D:1      | Noticed a troll
    28 | D:1      | Noticed a formicid
   257 | D:1      | Reached XP level 2. HP: 20/20 MP: 3/5
   430 | D:1      | Reached skill level 1 in Unarmed Combat
   766 | D:1      | Reached XP level 3. HP: 26/26 MP: 4/6
   813 | D:1      | Learned a level 2 spell: Passwall
   817 | D:1      | Learned a level 3 spell: Stone Arrow
   999 | D:2      | Reached skill level 4 in Earth Magic
  1041 | D:2      | Found a runed door.
  1111 | D:2      | Noticed Jessica
  1147 | D:2      | Killed Jessica
  1147 | D:2      | Reached skill level 1 in Conjurations
  1147 | D:2      | Reached XP level 4. HP: 31/33 MP: 1/7
  2222 | D:2      | Noticed Crazy Yiuf
  2225 | D:2      | Killed Crazy Yiuf
  2355 | D:3      | Reached XP level 5. HP: 38/38 MP: 5/8
  2479 | D:3      | Found a runed gate.
  2484 | D:3      | Found a runed gate.
  2484 | D:3      | Found a runed gate.
  2486 | D:3      | Found an opulent altar of Gozag.
  2489 | D:3      | Noticed Valentain's ghost (amateur OpVM)
  2582 | D:3      | Noticed Robin
  2702 | D:3      | Reached skill level 5 in Earth Magic
  3695 | D:3      | Killed Robin
  3900 | D:3      | Killed Valentain's ghost
  3900 | D:3      | Reached XP level 6. HP: 32/45 MP: 0/9
  4162 | D:4      | Reached skill level 6 in Earth Magic
  4292 | D:4      | Your scales start taking on a pale cyan-grey colour.
  4292 | D:4      | Reached XP level 7. HP: 50/50 MP: 0/10
  4625 | D:4      | Noticed Edmund
  4656 | D:4      | Killed Edmund
  5208 | D:4      | Found a shimmering altar of Xom.
  5548 | D:5      | Entered Level 5 of the Dungeon
  5584 | D:5      | Gained mutation: You are dopey. (Int -2) [potion of
                  | mutation]
  5584 | D:5      | Gained mutation: Your flesh is heat resistant. (rF+)
                  | [potion of mutation]
  5584 | D:5      | Gained mutation: Your muscles are strong. (Str +2) [potion
                  | of mutation]
  5641 | D:5      | Found a staircase to the Ecumenical Temple.
  5692 | Temple   | Entered the Ecumenical Temple
  5980 | Temple   | Became a worshipper of Sif Muna the Loreminder
  6596 | D:6      | Reached skill level 7 in Earth Magic
  6712 | D:6      | Reached XP level 8. HP: 57/57 MP: 6/11
  7719 | D:7      | Reached * piety under Sif Muna
  7879 | D:7      | Reached skill level 5 in Transmutations
  8073 | D:7      | Reached skill level 8 in Earth Magic
  8223 | D:7      | Noticed Joseph
  9079 | D:8      | Found a flagged portal.
  9080 | D:8      | Found a radiant altar of Vehumet.
  9085 | Bailey   | Entered a bailey
  9538 | Bailey   | Reached skill level 1 in Fighting
  9538 | Bailey   | Reached XP level 9. HP: 15/64 MP: 1/12
 10097 | Bailey   | Slain by an orc warrior

Skill      XL: |  1  2  3  4  5  6  7  8  9 |
---------------+----------------------------+-----
Unarmed Combat | 1 2 4 |  4.0
Earth Magic    | 4 5 6 7 8 |  8.9
Conjurations   | 1 2 3 4 |  4.2
Transmutations | 3 5 |  5.6
Dodging        | 2 |  2.7
Fighting       | 1 2 |  2.3
Stealth        | |  1.7
Spellcasting   | |  2.0

Action                   |  1- 3 |  4- 6 |  7- 9 || total
-------------------------+-------+-------+-------++-------
Melee: Unarmed           |    12 |   166 |   115 ||   293
       Tailslap          |     3 |    13 |    13 ||    29
       Punch             |       |     1 |       ||     1
Throw: Stone             |       |       |     1 ||     1
 Cast: Sandblast         |    46 |    77 |    84 ||   207
       Stone Arrow       |     3 |    15 |    38 ||    56
       Passwall          |       |     1 |     2 ||     3
Invok: Divine Energy     |       |       |     1 ||     1
 Abil: Breathe Steam     |       |       |    20 ||    20
  Use: Scroll            |       |       |    10 ||    10
       Potion            |       |       |     5 ||     5
 Stab: Sleeping          |       |     1 |     2 ||     3
       Invisible         |       |       |     1 ||     1
  Eat: Chunk             |     1 |    10 |     8 ||    19
       Ration            |       |     1 |     6 ||     7
Armor: Skin              |     4 |    78 |    49 ||   131
Dodge: Dodged            |    12 |   192 |   106 ||   310
